 Dungeon Crawl Stone Soup version 0.21.0 (webtiles) character file.

111 shenanigans the Skirmisher (level 4, 0/55 HPs)
             Began as a Barachi Skald on Jan 6, 2018.
             Succumbed to an adder's poison
             ... on level 1 of the Dungeon.
             The game lasted 00:03:49 (1660 turns).

shenanigans the Skirmisher (Barachi Skald)          Turns: 1660, Time: 00:03:50

Health: 0/55       AC: 22    Str: 12    XL:     4   Next: 92%
Magic:  7/7        EV:  2    Int: 15    God:
Gold:   50         SH:  0    Dex: 11    Spells: 6/7 levels left

rFire    . . .     SeeInvis .   a - +0 hand axe
rCold    . . .     Gourm    .   (no shield)
rNeg     + + +     Faith    .   (armour currently unavailable)
rPois    +         Spirit   .   (helmet currently unavailable)
rElec    .         Reflect  .   (cloak currently unavailable)
rCorr    .         Harm     .   (gloves currently unavailable)
MR       .....     NoTele   +   (boots currently unavailable)
Stlth    +.........             (no amulet)
HPRegen  0.18/turn              (no ring)
MPRegen  0.10/turn              (no ring)

@: lethally poisoned (0 -> -5), tree-form, infused, can't hop, hasted, very
quick
A: +LOS, swims
a: no special abilities


You were on level 1 of the Dungeon.
You were not hungry.
You were a tree.
You visited 1 branch of the dungeon, and saw 2 of its levels.

You collected 50 gold pieces.

Inventory:

Hand Weapons
 a - a +0 hand axe (weapon)
Armour
 b - a +0 leather armour (melded)
 e - a +1 helmet (melded)
Scrolls
 f - a scroll of teleportation {unknown}
Books
 c - a book of Battle

   Spells                             Type                      Level
   a - Infusion                       Charms                       1
   b - Shroud of Golubria             Charms/Translocation         2
   c - Song of Slaying                Charms                       2
   d - Spectral Weapon                Hexes/Charms                 3
   e - Regeneration                   Charms/Necromancy            3
Comestibles
 d - 4 rations


   Skills:
 + Level 3.6 Fighting
 + Level 3.2 Axes
 + Level 2.9 Armour
 + Level 3.2 Dodging
 - Level 2.1 Spellcasting
 - Level 3.2 Charms


You had 6 spell levels left.
You knew the following spells:

 Your Spells              Type           Power        Failure   Level  Hunger
a - Infusion              Chrm           ##..         5%          1    #......


Dungeon Overview and Level Annotations

Branches:
Dungeon (2/15)

Altars:
Ashenzari
Elyvilon


Innate Abilities, Weirdness & Mutations

Shadows flee at your approach. (+LOS)
You can swim through water.
((You cover ground slowly.))
((You can hop short distances.))


Message History

The adder is severely wounded.
The adder barely misses you.
You closely miss the adder.
The adder is severely wounded.
You feel sick. The adder bites you but does no damage. The adder bites you.
* * * LOW HITPOINT WARNING * * *
You completely miss the adder.
The adder is severely wounded.
The adder misses you.
It was a potion of haste.
You feel yourself speed up. The adder barely misses you.
It was a potion of magic.
Magic courses through your body. The adder bites you.
* * * LOW HITPOINT WARNING * * *
You are more poisoned.
The adder poisons you!
It was a potion of lignification.
You turn into a tree.
Your +1 helmet melds into your body.
Your +0 leather armour melds into your body.
Your roots penetrate the ground.
You die...

###......####...#.#.#.#.##
####.......##...........#
##.........##...........#
#..###.........#..###..##
..## #.....##..#.## #.##
#.# #.........#.####.# #.#
#.....##.........# #.#
#.#.#.####..†#####
#.####.......###♣.#
.............###S##
.....#...........#
.....#.......#####
.....#.......#
.........##### .....#####
.....# .....#


You could see an adder.

Vanquished Creatures
  A crimson imp (D:2)
  4 adders
  2 oozes (D:1)
  2 giant cockroaches (D:1)
  2 goblins (D:1)
  3 hobgoblins
  3 jackals (D:1)
  3 kobolds
  A quokka (D:2)
  A ball python (D:1)
  4 bats
  5 frilled lizards (D:1)
  A leopard gecko skeleton (D:2)
  5 rats (D:1)
37 creatures vanquished.

Notes
Turn   | Place    | Note
-------+----------+-------------------------------------------
     0 | D:1      | shenanigans the Barachi Skald began the quest for the Orb.
     0 | D:1      | Reached XP level 1. HP: 17/17 MP: 3/3
   137 | D:1      | Reached XP level 2. HP: 23/23 MP: 0/5
   503 | D:1      | Reached XP level 3. HP: 26/28 MP: 6/6
  1110 | D:2      | Reached XP level 4. HP: 30/35 MP: 0/7
  1333 | D:2      | Found a white marble altar of Elyvilon.
  1567 | D:2      | Found a shattered altar of Ashenzari.
  1659 | D:1      | HP: 1/37 [adder (2)]
  1660 | D:1      | Succumbed to an adder's poison

Skill      XL: |  1  2  3 |
---------------+----------+-----
Armour         | 2 |  2.9
Fighting       | 3 |  3.6
Axes           | 3 |  3.2
Dodging        | 3 |  3.2
Spellcasting   | |  2.1
Charms         | |  3.2

Action                   |  1- 3 |  4- 6 || total
-------------------------+-------+-------++-------
Melee: Hand axe          |   143 |    43 ||   186
 Cast: Infusion          |     6 |     5 ||    11
 Abil: Hop               |       |     1 ||     1
  Use: Potion            |       |     3 ||     3
  Eat: Chunk             |     1 |     2 ||     3
Armor: Leather armour    |    69 |    21 ||    90
Dodge: Dodged            |   101 |    55 ||   156
